Map: Romanticide LE

Players

Cham

  • Race: Zerg Zerg
  • League: Grandmaster
  • Spawn Location: 5:00

SpeCial - Winner!

  • Race: Terran Terran
  • League: Master
  • Spawn Location: 11:00

Event: DreamHack SC2 Masters 2020 Winter

VOD

Have the link to the VOD?

Description

Time

  • Played on: Oct. 23, 2020, 4:07 p.m.
  • Length: 6:12

All games in this series

Show
View Real Time Build Order
Export as new Build Order

Cham Zerg 

Build Orders: Hatch First 

Get SALT Encoding   

  12  0:00  Drone  
  13  0:09  Drone  
  14  0:16  Overlord  
  14  0:34  Drone  
  14  0:35  Drone  
  16  0:47  Hatchery  
  15  0:51  Drone  
  15  0:54  Drone  
  17  0:58  Drone  
  18  1:09  Extractor  
  17  1:12  Spawning Pool  
  17  1:15  Drone  
  17  1:21  Drone  
  18  1:29  Drone  
  19  1:42  Overlord  
  19  1:50  Drone  
  20  2:00  Queen x2, Zergling x2  
  20  2:01  Zergling x2  
  26  2:10  Drone  
  26  2:14  Drone  
  26  2:15  Metabolic Boost  
  28  2:20  Drone  
  29  2:25  Drone  
  30  2:38  Queen  
  30  2:42  Drone  
  30  2:43  Drone  
  36  2:49  Overlord  
  36  2:51  Overlord  
  34  3:03  Hatchery  
  33  3:06  Drone x2  
  33  3:07  Drone  
  33  3:12  Drone x2  
  38  3:13  Drone x2  
  38  3:14  Drone  
  38  3:17  Drone  
  38  3:19  Drone  
  43  3:22  Drone x2  
  45  3:29  Queen  
  45  3:32  Overlord  
  47  3:35  Zergling x2  
  47  3:41  Zergling x4  
  49  3:45  Overlord  
  49  3:46  Overlord  
  50  3:50  Drone x2  
  50  3:51  Drone x2  
  54  3:57  Roach Warren  
  54  3:58  Extractor  
  54  4:00  Extractor  
  54  4:02  Overlord  
  51  4:04  Drone x2  
  53  4:13  Drone  
  53  4:14  Overlord  
  53  4:16  Drone  
  55  4:18  Overlord  
  54  4:37  Roach x7  
  54  4:38  Queen  
  70  4:41  Roach  
  70  4:43  Roach  
  74  4:49  Roach, Overlord  
  74  4:52  Roach x2  
  72  5:11  Zergling x2  
  72  5:12  Zergling x14  
  80  5:18  Zergling x2  
  80  5:19  Zergling x4  
  80  5:21  Ravager x2  
  85  5:22  Ravager  
  85  5:23  Ravager  
  85  5:24  Zergling x2  
  88  5:29  Zergling x4  
  88  5:30  Ravager  
  88  5:32  Zergling x2  
  88  5:34  Zergling x2  
  93  5:37  Zergling x2  
  93  5:42  Zergling x6  
  96  5:45  Ravager  
  94  5:50  Zergling x4  
  94  5:53  Zergling x2  
  94  5:54  Zergling x2  
Show
View Real Time Build Order
Export as new Build Order

SpeCial Terran - Winner!

Build Orders: Reaper Expand 

Get SALT Encoding   

  12  0:00  SCV  
  13  0:12  SCV  
  14  0:18  Supply Depot  
  14  0:24  SCV  
  15  0:40  SCV  
  15  0:42  Barracks  
  16  0:44  Refinery  
  16  0:52  SCV  
  17  1:04  SCV  
  18  1:16  SCV  
  19  1:29  Reaper  
  19  1:30  Orbital Command  
  20  1:40  Command Center  
  20  1:50  Supply Depot  
  20  1:56  SCV  
  20  2:01  Marine  
  21  2:08  SCV  
  23  2:11  Factory  
  23  2:20  SCV  
  23  2:22  Barracks Reactor  
  24  2:32  SCV  
  25  2:41  Command Center  
  25  2:47  SCV  
  26  2:53  Orbital Command  
  26  2:55  Factory Reactor  
  26  2:59  SCV  
  27  3:07  Marine, Barracks  
  27  3:08  Marine  
  27  3:11  SCV  
  30  3:18  Refinery  
  30  3:19  SCV  
  31  3:25  SCV, Marine x2  
  34  3:31  SCV  
  34  3:34  Hellion x2  
  39  3:39  SCV  
  39  3:41  Supply Depot  
  40  3:43  SCV  
  40  3:47  Marine x2  
  43  3:52  SCV  
  43  3:53  Orbital Command  
  45  3:55  SCV  
  45  3:56  Barracks Tech Lab  
  45  3:59  Hellion  
  45  4:02  Hellion  
  49  4:04  SCV  
  49  4:07  SCV  
  51  4:11  Starport  
  51  4:16  Stimpack  
  51  4:19  SCV  
  51  4:21  SCV  
  51  4:23  Supply Depot, Marine  
  51  4:24  Marine  
  54  4:25  Marine  
  56  4:32  SCV x2  
  56  4:33  Factory Tech Lab  
  56  4:35  SCV  
  59  4:41  Marine  
  59  4:42  Marine, Engineering Bay  
  59  4:44  SCV x2  
  63  4:45  Supply Depot  
  63  4:47  SCV  
  64  4:53  Marine  
  64  4:58  Siege Tank  
  67  5:03  Medivac x2  
  67  5:05  Marine x2  
  65  5:07  SCV  
  65  5:08  SCV x2  
  65  5:11  Marine, Refinery  
  65  5:13  Supply Depot  
  65  5:14  Bunker  
  69  5:17  Bunker  
  69  5:22  SCV x2  
  69  5:23  SCV, Marine x2  
  69  5:24  Barracks  
  74  5:29  Marine  
  75  5:37  Supply Depot  
  75  5:38  SCV  
  75  5:40  SCV  
  75  5:41  Marine x2  
  82  5:47  Marine  
Tags
 
Add a new tag
Caveats
  • Supply blocks, unpowered buildings, or Contaminate may cause inaccurate times.
  • Supply counts are checked every 10 seconds.